 Dungeon Crawl Stone Soup version 0.23.2-33-g5129a83184 (webtiles) character file.

Game seed: 391169591525018942

206 redmage the Charmwright (level 5, -1/43 HPs)
             Began as a Gnoll Skald on June 27, 2019.
             Slain by a sky beast (2 damage)
             ... on level 3 of the Dungeon.
             The game lasted 00:08:55 (723 turns).

redmage the Charmwright (Gnoll Skald)                Turns: 723, Time: 00:08:55

Health: -1/43      AC:  4    Str: 18    XL:     5   Next: 84%
Magic:  11/12      EV: 14    Int: 16    God:
Gold:   114        SH:  0    Dex: 15    Spells: 3/14 levels left

rFire    . . .     SeeInvis .   i - +1 flail (protect)
rCold    . . .     Gourm    .   (no shield)
rNeg     . . .     Faith    .   b - +0 leather armour
rPois    .         Spirit   .   (no helmet)
rElec    .         Reflect  .   (no cloak)
rCorr    .         Harm     .   (no gloves)
MR       .....                  g - +0 pair of boots
Stlth    ++........             (no amulet)
HPRegen  0.14/turn              (no ring)
MPRegen  0.13/turn              (no ring)

@: mighty, singing (expiring)
A: distributed training, fangs 1, strong nose
a: no special abilities


You were on level 3 of the Dungeon.
You were hungry.

You visited 1 branch of the dungeon, and saw 3 of its levels.

You collected 114 gold pieces.

Inventory:

Hand Weapons
 a - a +0 falchion
 i - a +1 flail of protection (weapon)
Armour
 b - a +0 leather armour (worn)
 g - a +0 pair of boots (worn)
Scrolls
 c - a scroll of immolation {unknown}
 e - a scroll of fog {unknown}
 f - a scroll of remove curse {unknown}
 j - a scroll of teleportation {unknown}
 k - a scroll of identify {unknown}
 m - a scroll of random uselessness {unknown}
Potions
 l - a potion of agility
Comestibles
 d - 4 rations


   Skills:
 + Level 4.8 Fighting
 + Level 1.6 Short Blades
 + Level 4.8 Long Blades
 + Level 1.6 Axes
 + Level 1.6 Maces & Flails
 + Level 1.6 Polearms
 + Level 1.6 Staves
 + Level 1.6 Slings
 + Level 1.6 Bows
 + Level 1.6 Crossbows
 + Level 1.6 Throwing
 + Level 3.0 Armour
 + Level 4.8 Dodging
 + Level 1.6 Stealth
 + Level 1.6 Shields
 + Level 1.6 Unarmed Combat
 + Level 5.2 Spellcasting
 + Level 1.3 Conjurations
 + Level 1.3 Hexes
 + Level 5.6 Charms
 + Level 1.3 Summonings
 + Level 1.3 Necromancy
 + Level 1.3 Translocations
 + Level 1.3 Transmutations
 + Level 1.3 Fire Magic
 + Level 1.3 Ice Magic
 + Level 1.3 Air Magic
 + Level 1.3 Earth Magic
 + Level 1.3 Poison Magic
 + Level 1.8 Invocations
 + Level 1.6 Evocations


You had 3 spell levels left.
You knew the following spells:

 Your Spells              Type           Power        Failure   Level  Hunger
a - Infusion              Chrm           ###.         1%          1    None
b - Song of Slaying       Chrm           ###.....     2%          2    #......
c - Shroud of Golubria    Chrm/Tloc      ###.......   6%          2    #......
d - Regeneration          Chrm/Necr      ###.......   13%         3    ###....
e - Spectral Weapon       Hex/Chrm       ###.....     13%         3    ###....

Your spell library contained the following spells:

 Spells                   Type           Power        Failure   Level  Hunger


Dungeon Overview and Level Annotations

Branches:
Dungeon (3/15)

Altars:


Innate Abilities, Weirdness & Mutations

Your experience applies equally to all skills.
You have very sharp teeth.
Your uncanny sense of smell can sniff out nearby items.


Message History

You miss something.
A sky beast appears from thin air!
Reactivating autopickup.
The sky beast hits you.
* * * LOW HITPOINT WARNING * * *
The sky beast shocks you.
* * * LOW HITPOINT WARNING * * *
A goblin comes into view. It is wielding a +0 club.
The sky beast hits you but does no damage.
You completely miss the sky beast. Your bite misses the sky beast.
Your song is almost over.
The sky beast flickers out of sight!
Deactivating autopickup; reactivate with Ctrl-A.
Something hits you.
* * * LOW HITPOINT WARNING * * *
Something shocks you.
* * * LOW HITPOINT WARNING * * *
It was a potion of might.
You feel very mighty all of a sudden. Something hits you.
You die...

................
#.....................#.
#...........##..........
#......g....####........
#...........#...........
#......=....#...........
#...........#.....#####+
#...........#...........
#......@....#...w.......
#.....w{#...#.......≈...
#.....))#...#...........
#.....).#%..#........###
#.................##.###
#....................$..
#.......................
##............#.........
#......##....#.........


You could see a worm and a goblin.

Vanquished Creatures
  An orc priest (D:2)
  An orc wizard (D:3)
  Terence (D:1)
  A worker ant zombie (D:2)
  3 gnolls (D:2)
  4 adders
  An adder skeleton (D:2)
  3 worms (D:2)
  A leopard gecko (D:2)
  An orc (D:2)
  A bat zombie (D:2)
  A giant cockroach (D:2)
  3 goblins
  5 hobgoblins
  4 kobolds
  5 bats
  A jackal zombie (D:2)
  A leopard gecko zombie (D:2)
  3 rats
41 creatures vanquished.

Notes
Turn   | Place    | Note
-------+----------+-------------------------------------------
     0 | D:1      | redmage the Gnoll Skald began the quest for the Orb.
     0 | D:1      | Reached XP level 1. HP: 20/20 MP: 6/6
   105 | D:2      | Reached XP level 2. HP: 23/26 MP: 7/7
   115 | D:2      | Learned a level 2 spell: Song of Slaying
   118 | D:2      | Learned a level 2 spell: Shroud of Golubria
   241 | D:1      | Reached XP level 3. HP: 24/31 MP: 9/9
   268 | D:1      | Learned a level 3 spell: Regeneration
   272 | D:1      | Learned a level 3 spell: Spectral Weapon
   285 | D:2      | Reached skill level 5 in Spellcasting
   338 | D:2      | Reached skill level 1 in Invocations
   358 | D:2      | Reached skill level 1 in Short Blades
   358 | D:2      | Reached skill level 1 in Axes
   358 | D:2      | Reached skill level 1 in Maces & Flails
   358 | D:2      | Reached skill level 1 in Polearms
   358 | D:2      | Reached skill level 1 in Staves
   358 | D:2      | Reached skill level 1 in Slings
   358 | D:2      | Reached skill level 1 in Bows
   358 | D:2      | Reached skill level 1 in Crossbows
   358 | D:2      | Reached skill level 1 in Throwing
   358 | D:2      | Reached skill level 1 in Stealth
   358 | D:2      | Reached skill level 1 in Shields
   358 | D:2      | Reached skill level 1 in Unarmed Combat
   358 | D:2      | Reached skill level 1 in Evocations
   358 | D:2      | Reached XP level 4. HP: 19/38 MP: 7/11
   409 | D:2      | Noticed Terence
   457 | D:1      | Killed Terence
   457 | D:1      | Reached skill level 1 in Conjurations
   457 | D:1      | Reached skill level 1 in Hexes
   457 | D:1      | Reached skill level 1 in Summonings
   457 | D:1      | Reached skill level 1 in Necromancy
   457 | D:1      | Reached skill level 1 in Translocations
   457 | D:1      | Reached skill level 1 in Transmutations
   457 | D:1      | Reached skill level 1 in Fire Magic
   457 | D:1      | Reached skill level 1 in Ice Magic
   457 | D:1      | Reached skill level 1 in Air Magic
   457 | D:1      | Reached skill level 1 in Earth Magic
   457 | D:1      | Reached skill level 1 in Poison Magic
   565 | D:2      | Reached XP level 5. HP: 16/43 MP: 12/12
   661 | D:3      | Noticed a sky beast
   722 | D:3      | HP: 1/43 [something (5)]
   723 | D:3      | Slain by a sky beast

Skill      XL: |  1  2  3  4  5 |
---------------+----------------+-----
Spellcasting   | 5 |  5.2
Invocations    | 1 |  1.8
Short Blades   | 1 |  1.6
Axes           | 1 |  1.6
Maces & Flails | 1 |  1.6
Polearms       | 1 |  1.6
Staves         | 1 |  1.6
Slings         | 1 |  1.6
Bows           | 1 |  1.6
Crossbows      | 1 |  1.6
Throwing       | 1 |  1.6
Stealth        | 1 |  1.6
Shields        | 1 |  1.6
Unarmed Combat | 1 |  1.6
Evocations     | 1 |  1.6
Conjurations   | 1 |  1.3
Hexes          | 1 |  1.3
Summonings     | 1 |  1.3
Necromancy     | 1 |  1.3
Translocations | 1 |  1.3
Transmutations | 1 |  1.3
Fire Magic     | 1 |  1.3
Ice Magic      | 1 |  1.3
Air Magic      | 1 |  1.3
Earth Magic    | 1 |  1.3
Poison Magic   | 1 |  1.3
Armour         | 3 |  3.0
Fighting       | |  4.8
Long Blades    | |  4.8
Dodging        | |  4.8
Charms         | |  5.6

Action                   |  1- 3 |  4- 6 || total
-------------------------+-------+-------++-------
Melee: Falchion          |    58 |    37 ||    95
       Bite              |     4 |    10 ||    14
       Flail             |       |    63 ||    63
 Cast: Song of Slaying   |     1 |     2 ||     3
       Shroud of Golubri |     1 |     1 ||     2
       Regeneration      |       |     5 ||     5
       Infusion          |       |     1 ||     1
  Use: Potion            |       |     1 ||     1
 Stab: Sleeping          |     1 |       ||     1
Armor: Leather armour    |     8 |    37 ||    45
Dodge: Dodged            |    45 |    98 ||   143
       Rpst.: Falchion   |    18 |    10 ||    28
